 Seeded DCSS version 0.30.1-3-gfc49f6343a (webtiles) character file.

Game seed: 6351066067085065685 (custom seed)

65 Esekla the Grave Robber (level 3, -3/19 HPs)
             Began as a Deep Elf Necromancer on July 26, 2023.
             Was a Follower of Vehumet.
             Slain by a gnoll
             ... wielding a +0 flail
              (9 damage)
             ... on level 1 of the Dungeon.
             The game lasted 00:12:36 (1960 turns).

Esekla the Grave Robber (Deep Elf Necromancer)      Turns: 1960, Time: 00:12:37

Health: -3/19      AC:  4    Str:  5    XL:     3   Next: 92%
Magic:  9/9        EV: 13    Int: 21    God:    Vehumet [*.....]
Gold:   165        SH:  0    Dex: 18    Spells: 4/8 levels left

rFire   . . .        o - +5 rapier of the Hero {heavy, rN+ Dex+3}
rCold   . . .        (no shield)
rNeg    + . .        a - +0 robe
rPois   .            j - +0 helmet
rElec   .            (no cloak)
rCorr   .            g - +0 pair of gloves
SInv    .            (no boots)
Will    .....        (no amulet)
Stlth   +++          (no ring)
HPRegen 0.23/turn    (no ring)
MPRegen 0.11/turn

%: no passive effects
@: no status effects
A: no striking features
a: Renounce Religion


You were on level 1 of the Dungeon.
You worshipped Vehumet.
Vehumet was aware of your devotion.
You visited 1 branch of the dungeon, and saw 4 of its levels.

You collected 165 gold pieces.

Inventory:

Hand Weapons
 o - the +5 rapier of the Hero (weapon) {heavy, rN+ Dex+3}
   (You found it on level 3 of the Dungeon)

   Dex:       It affects your dexterity (+3).
   rN:        It protects you from negative energy.
Armour
 a - a +0 robe (worn)
 g - a +0 pair of gloves (worn)
 j - a +0 helmet (worn)
Wands
 i - a wand of roots (9)
Scrolls
 e - a scroll of fear {unknown}
 k - 2 scrolls of enchant weapon {unknown}
 l - a scroll of amnesia {unknown}
 m - a scroll of enchant armour {unknown}
 n - a scroll of immolation {unknown}
 q - 3 scrolls of identify {unknown}
 s - a scroll of fog {unknown}
 u - a scroll of blinking {unknown}
Potions
 b - a potion of magic
 c - a potion of mutation {unknown}
 d - a potion of ambrosia {unknown}
 f - 2 potions of curing {unknown}
 h - 2 potions of attraction {unknown}
 p - a potion of haste {unknown}
 r - a potion of heal wounds {unknown}
 t - 2 potions of brilliance {unknown}


   Skills:
 + Level 0.9 Short Blades
 * Level 3.4 Dodging
 + Level 3.2 Stealth
 * Level 3.4 Spellcasting
 * Level 5.4 Necromancy


You had 4 spell levels left.
You knew the following spells:

 Your Spells              Type           Power      Damage    Failure   Level
a - Necrotise             Necr           100%       1d9       1%          1
d - Vampiric Draining     Necr           26%        2d7       4%          3

Your spell library contained the following spells:

 Spells                   Type           Power      Damage    Failure   Level
 Foxfire                  Conj/Fire      12%        2x1d4     13%         1
 Animate Dead             Necr           26%        N/A       14%         4
 Lesser Beckoning         Tloc           6%         N/A       19%         2
 Gell's Gravitas          Tloc           3%         N/A       36%         3
 Teleport Other           Tloc           3%         N/A       36%         3
 Agony                    Necr           26%        N/A       36%         5


Dungeon Overview and Level Annotations

Branches:
Dungeon (4/15)
 Temple: D:4-7

Altars:
Okawaru
Qazlal
Vehumet
Zin
The Shining One

Shops:
D:2 =   D:4 (


Message History

a +0 dagger; a goblin corpse
Things that are here:
a +0 dagger; a goblin corpse A goblin comes into view.
It is wielding a +3 dagger of speed.
You see here a bubbling blue potion.
The helpless goblin fails to defend itself.
You impale the goblin!!
You kill the goblin!
Vehumet accepts your kill.
Things that are here:
a +3 dagger of speed; a goblin corpse
f - 2 bubbling blue potions (gained 1)
Things that are here:
a +3 dagger of speed; a goblin corpse The gnoll shouts!
You hear a shout!
A gnoll comes into view. It is wielding a +0 club.
A gnoll comes into view. It is wielding a +0 flail.
The gnoll shouts!
The gnoll moves out of view.
Things that are here:
a +3 dagger of speed; a goblin corpse You see here a +0 dagger.
There is a stone staircase leading up here.
You start waiting.
There are monsters nearby!
The gnoll barely misses you.
You climb upwards.
There is a stone staircase leading down here.
You hit the gnoll.
The gnoll is moderately wounded.
The gnoll closely misses you.
You hit the gnoll.
The gnoll is moderately wounded.
The gnoll barely misses you. The gnoll misses you.
You barely miss the gnoll.
The gnoll is moderately wounded.
The gnoll hits you with a +0 flail!
Ouch! That really hurt!
The gnoll hits you with a +0 flail!
You die...

##......### #....#
....##..########..#
....#............##
......#.##########
###......##
..#.#..÷..#########
....#.......#.....#
#...#....##....g..#
##.[.....####..)@.#
##...............#
#.#.....###.....#
#.#÷...## #######
#......# #.#....#
########


You could see a gnoll.

Vanquished Creatures
  2 adders (D:2)
  2 dart slugs
  5 ball pythons (D:1)
  4 endoplasms
  8 goblins
  4 hobgoblins
  A quokka (D:1)
  4 bats
  4 frilled lizards
  5 kobolds
  A rat (D:2)
40 creatures vanquished.

Notes
Turn   | Place    | Note
-------+----------+-------------------------------------------
     0 | D:1      | Esekla the Deep Elf Necromancer began the quest for the
                  | Orb.
     0 | D:1      | Reached XP level 1. HP: 10/10 MP: 6/6
   125 | D:1      | Reached skill level 5 in Necromancy
   244 | D:4      | Found a radiant altar of Vehumet.
   252 | D:4      | Became a worshipper of Vehumet
   334 | D:4      | Found a glowing golden altar of the Shining One.
   353 | D:4      | Found an iron altar of Okawaru.
   364 | D:4      | Found a glowing silver altar of Zin.
   462 | D:4      | Reached XP level 2. HP: 5/15 MP: 8/8
   604 | D:4      | Found Ponaysk's Antique Weapon Boutique.
   831 | D:3      | Found a stormy altar of Qazlal.
  1095 | D:3      | Identified the +5 rapier of the Hero {heavy, rN+ Dex+3}
  1126 | D:2      | Found Renulab's Jewellery Shop.
  1276 | D:2      | Reached XP level 3. HP: 19/19 MP: 9/9
  1280 | D:2      | Learned a level 3 spell: Vampiric Draining
  1369 | D:2      | Noticed a black bear
  1621 | D:1      | Reached * piety under Vehumet
  1621 | D:1      | Offered knowledge of Foxfire by Vehumet.
  1960 | D:1      | Slain by a gnoll

Illustrated notes

Levels and vault maps discovered:
D:1:      sevenhm_arrival_forest_fort_small_3, layout_rooms,
          chequers_serial_rivers_room_b, minmay_misc_feat_five
D:2:      layout_loops_ring, dreamdust_ecumenical_altar_angels_and_demons,
          serial_shops, shop
D:3:      layout_basic, grunt_temple_overflow_open, minmay_misc_feat_iff
D:4:      layout_basic, nicolae_overflow_quartered_altars, serial_shops,
          nicolae_diamond_shop

Skill      XL: |  1  2 |
---------------+-------+-----
Necromancy     | 5 |  5.4
Dodging        | 3 |  3.4
Stealth        | 3 |  3.2
Short Blades   | |  0.9
Spellcasting   | |  3.4

Action                     || total
---------------------------++-------
  Melee: Short sword       ||    15
         Unarmed           ||     9
         Dagger            ||    47
         Punch             ||     1
         Rapier            ||    39
   Stab: Sleeping          ||     8
 Armour: Robe              ||    28
  Dodge: Dodged            ||    71
